 Dungeon Crawl Stone Soup version 0.29-a0-1043-g569b05d6ff (webtiles) character file.

Game seed: 12659765286642319078

942 Zonian the Sneak (level 8, 0/35 (36) HPs)
             Began as a Vine Stalker Ice Elementalist on Aug 16, 2022.
             Was an Initiate of Ashenzari.
             Slain by a wight
             ... wielding a +3 dire flail
              (11 damage)
             ... on level 7 of the Dungeon.
             The game lasted 00:19:49 (7751 turns).

Zonian the Sneak (Vine Stalker Ice Elementalist)    Turns: 7751, Time: 00:19:53

HP:   0/35 (36)     AC:  5    Str: 14    XL:     8   Next: 12%
MP:   0/16          EV: 13    Int: 17    God:    Ashenzari [......]
Gold: 202           SH:  0    Dex: 16    Spells: 9/16 levels left

rFire   . . .      SeeInvis .   b - +7 long sword of Okawaru's Favour {flame, Str+4}
rCold   . . .      Faith    .   (no shield)
rNeg    . . .      Spirit   +   a - +0 robe
rPois   .          Reflect  .   (no helmet)
rElec   .          Harm     .   (no cloak)
rCorr   .          Rampage  .   v - +2 pair of gloves of Curses and Power {Fort, Alch} (curse)
Will    +....                   (no boots)
Stlth   +++.......              r - amulet of the acrobat
HPRegen 0.91/turn               (no ring)
MPRegen 0.15/turn               (no ring)

@: lightly drained
A: fangs 3, regeneration 1, magic shield, antimagic bite, no potion heal 2
a: Renounce Religion, Shatter the Chains


You were on level 7 of the Dungeon.
You worshipped Ashenzari.
Ashenzari was noncommittal.
You visited 2 branches of the dungeon, and saw 8 of its levels.

You collected 202 gold pieces.

Inventory:

Hand Weapons
 b - the +7 long sword of Okawaru's Favour (weapon) {flame, Str+4}
   (You found it on level 5 of the Dungeon)

   It burns those it strikes, dealing additional fire damage.
   Big, fiery blades are also staple armaments of hydra-hunters.
   Str:       It affects your strength (+4).
 e - a +2 dagger of electrocution
 f - a +0 falchion
 s - a +1 short sword of venom
Missiles
 i - 3 poisoned darts
Armour
 a - a +0 robe (worn)
 v - the cursed +2 pair of gloves of Curses and Power (worn) {Fort, Alch}
   (You found it on level 3 of the Dungeon)

   It has a curse which improves the following skills: Fortitude: Armour and
   Shields.
   Alchemy:   Poison Magic and Transmutations.
 C - a +0 buckler
Magical Staves
 h - a staff of fire
 A - a staff of earth
Jewellery
 r - an amulet of the acrobat (around neck)
 t - a ring of ice
Scrolls
 g - a scroll of teleportation
 j - a scroll of blinking
 n - a scroll of poison
 x - a scroll of fog {unknown}
 y - a scroll of magic mapping {unknown}
Potions
 c - 2 potions of heal wounds
 d - 2 potions of ambrosia
 k - a potion of mutation
 l - 2 potions of resistance
 m - a potion of haste {unknown}
 o - 5 potions of curing {unknown}
 p - 2 potions of flight {unknown}
 q - a potion of brilliance {unknown}
 u - a potion of berserk rage {unknown}
 w - a potion of magic
 z - 2 potions of might {unknown}
 B - 2 potions of invisibility {unknown}


   Skills:
 + Level 1.7 Long Blades
 + Level 3.9 Dodging
 + Level 6.2 Stealth
 + Level 4.8 Spellcasting
 + Level 5.9 Ice Magic


You had 9 spell levels left.
You knew the following spells:

 Your Spells              Type           Power      Damage    Failure   Level
a - Freeze                Ice            96%        1d11      1%          1
b - Frozen Ramparts       Ice            48%        1d8       3%          3
c - Ozocubu's Armour      Ice            24%        N/A       3%          3

Your spell library contained the following spells:

 Spells                   Type           Power      Damage    Failure   Level
 Hailstorm                Conj/Ice       14%        3d5       41%         4


Dungeon Overview and Level Annotations

Branches:
Dungeon (7/15)             Temple (1/1) D:5

Altars:
Ashenzari
Cheibriados
Dithmenos
Fedhas
Gozag
Hepliaklqana
Kikubaaqudgha
Makhleb
Nemelex Xobeh
Qazlal
Ru
Trog
Uskayaw
Wu Jian
Yredelemnul
Zin

Annotations:
D:6 1 exclusion, Grinder, Menkaure, Sigmund


Innate Abilities, Weirdness & Mutations

You have razor-sharp teeth.
Your natural rate of healing is unusually fast.
When hurt, damage is shared between your health and your magic reserves.
Your bite disrupts and absorbs the magic of your enemies.
Potions cannot restore your health.


Message History

5 wights come into view.
Found a club, 12 gold pieces and a scroll of identify.
You completely miss the wight. You bite the wight, but do no damage.
The wight barely misses you. The wight misses you.
Unknown command.
You slash the wight! You burn the wight. Your bite misses the wight.
The wight is heavily damaged.
The wight hits you with a +0 hand axe!
The wight hits you with a +0 short sword!
You hit the wight. You burn the wight. You bite the wight.
You destroy the wight!
The wight misses you.
Unknown command.
You hit the wight. You burn the wight.
The wight is heavily damaged.
The wight closely misses you. The wight misses you.
You slash the wight! You burn the wight.
You destroy the wight!
You hit the wight. You burn the wight.
The wight is heavily damaged.
The wight completely misses you.
The wight hits you with a +0 great sword!
You closely miss the wight.
The wight is heavily damaged.
The wight barely misses you.
You barely miss the wight. Your bite misses the wight.
The wight is heavily damaged.
The wight completely misses you. The wight barely misses you.
You barely miss the wight.
The wight is heavily damaged.
The wight barely misses you.
The wight hits you with a +3 dire flail!
You feel drained.
You barely miss the wight.
The wight is heavily damaged.
The wight barely misses you.
The wight hits you with a +3 dire flail!
The wight closely misses you.
The wight hits you with a +3 dire flail!
You die...

#.......#
#.......#
##.$.?...##
#...)..z...
#........#
#........#
#...z....#
#..@z..#
######.#


You could see 3 wights.

Vanquished Creatures
  Eustachio (D:5)
  2 bullfrogs (D:7)
  2 scorpions
  5 wights
  An orc wizard (D:5)
  3 gnolls (D:5)
  7 adders
  An ufetubus (D:5)
  2 worms
  5 dart slugs
  8 orcs
  2 bats
  11 endoplasms
  7 hobgoblins
  20 jackals
  A quokka (D:1)
  6 ball pythons
  2 frilled lizards
  6 kobolds
  5 rats
97 creatures vanquished.

Vanquished Creatures (collateral kills)
  A scorpion (D:5)
  An orc priest (D:5)
2 creatures vanquished.

Grand Total: 99 creatures vanquished

Notes
Turn   | Place    | Note
-------+----------+-------------------------------------------
     0 | D:1      | Zonian the Vine Stalker Ice Elementalist began the quest
                  | for the Orb.
     0 | D:1      | Reached XP level 1. HP: 9/9 MP: 4/4
   425 | D:1      | Reached XP level 2. HP: 12/13 MP: 3/6
  1079 | D:1      | Reached skill level 3 in Stealth
  1491 | D:1      | You fall into a shaft and drop 1 floor!
  1566 | D:2      | Reached XP level 3. HP: 16/16 MP: 4/7
  1798 | D:2      | Learned a level 3 spell: Frozen Ramparts
  1802 | D:2      | Learned a level 3 spell: Ozocubu's Armour
  2015 | D:2      | Found a bloodstained altar of Trog.
  2992 | D:1      | Gained mutation: Your natural rate of healing is unusually
                  | fast. [Vine Stalker growth]
  2992 | D:1      | Reached XP level 4. HP: 18/21 MP: 4/9
  4204 | D:3      | Found a faded altar of an unknown god.
  4289 | D:4      | Reached XP level 5. HP: 21/24 MP: 8/10
  4297 | D:4      | Reached skill level 4 in Stealth
  5241 | D:5      | Entered Level 5 of the Dungeon
  5248 | D:5      | Noticed Eustachio
  5325 | D:5      | Identified the +7 long sword of Okawaru's Favour {flame,
                  | Str+4}
  5335 | D:5      | Reached XP level 6. HP: 25/28 MP: 6/12
  5496 | D:5      | Found a staircase to the Ecumenical Temple.
  5665 | Temple   | Entered the Ecumenical Temple
  5778 | Temple   | Became a worshipper of Ashenzari the Shackled
  5881 | D:5      | Reached skill level 5 in Ice Magic
  6273 | D:6      | Noticed Grinder
  6317 | D:6      | Reached skill level 5 in Stealth
  6728 | D:5      | Killed Eustachio
  6729 | D:5      | Reached XP level 7. HP: 13/32 MP: 8/14
  6982 | D:6      | Noticed Sigmund
  7361 | D:6      | Reached skill level 1 in Long Blades
  7412 | D:6      | Noticed Menkaure
  7553 | D:7      | Reached skill level 6 in Stealth
  7553 | D:7      | Gained mutation: You have razor-sharp teeth. [Vine Stalker
                  | growth]
  7553 | D:7      | Reached XP level 8. HP: 20/36 MP: 5/16
  7751 | D:7      | Slain by a wight

Illustrated notes

Levels and vault maps discovered:
D:1:      lightli_arrival_windingriver, layout_loops_ring, minmay_surrounded
D:2:      layout_loops_cross, basic_altar, minmay_misc_feat_columns,
          amcnicky_mini_corridor_feature, grunt_ministairs_1
D:3:      layout_basic, hellmonk_ecumenical_altar_run_dry
D:4:      layout_cave_pools
D:5:      layout_gridville, minmay_temple_entry_overgrown, serial_bayou_pond_e,
          uniq_eustachio
D:6:      layout_cave_pods, minitemple, lemuel_blue_sif_altar, uniq_sigmund,
          uniq_grinder, uniq_menkaure
D:7:      layout_basic, jmf_multi_god_temple
Temple:   kb_temple_of_zot

Skill      XL: |  1  2  3  4  5  6  7 |
---------------+----------------------+-----
Stealth        | 3 4 5 6 |  6.2
Dodging        | 2 3 |  3.9
Spellcasting   | 3 4 |  4.8
Ice Magic      | 5 |  5.9
Long Blades    | 1 |  1.7

Action                   |  1- 3 |  4- 6 |  7- 9 || total
-------------------------+-------+-------+-------++-------
Melee: Unarmed           |    39 |       |       ||    39
       Bite              |    16 |    34 |     7 ||    57
       Falchion          |    17 |    38 |       ||    55
       Short sword       |       |   100 |     3 ||   103
       Punch             |       |     3 |       ||     3
       Long sword        |       |    12 |    26 ||    38
 Cast: Freeze            |    40 |    28 |     3 ||    71
       Frozen Ramparts   |       |     1 |       ||     1
Invok: Curse Item        |       |       |     1 ||     1
  Use: Potion            |     1 |       |       ||     1
       Scroll            |       |    19 |       ||    19
 Stab: Sleeping          |       |     8 |       ||     8
Armor: Robe              |    10 |    64 |     7 ||    81
Dodge: Dodged            |    60 |   193 |    24 ||   277

Table legend: (Time is in decaauts)
 A = Elapsed time spent in this place.
 B = Non-inter-level travel time spent in this place.
 C = Inter-level travel time spent in this place.
 D = Time resting spent in this place.
 E = Time spent auto-exploring this place.
 F = Levels seen in this place.
 G = Mean time per level.
                   A        B        C        D        E       F      G
               +--------+--------+--------+--------+--------+-----+--------+
         Total |   7793 |   7585 |    208 |   3331 |   2661 |   8 |  974.1 |
       Dungeon |   7650 |   7471 |    179 |   3331 |   2583 |   7 | 1092.9 |
        Temple |    142 |    113 |     29 |      0 |     78 |   1 |  142.0 |
               +--------+--------+--------+--------+--------+-----+--------+

Top non-repeatable levels by time:
     D:1: 2233 daAuts
     D:5: 1821 daAuts
     D:2: 1471 daAuts
     D:4: 999 daAuts
     D:3: 558 daAuts
     D:6: 330 daAuts
     D:7: 236 daAuts
  Temple: 142 daAuts
